Map: Dusk Towers

Players

LilDicky - Winner!

  • Race: Terran Terran
  • League: Diamond

RageWind

  • Race: Protoss Protoss
  • League: Diamond

VOD

http://www.twitch.tv/tumescentpie

Description

Time

  • Played on: Dec. 3, 2015, 2:19 p.m.
  • Length: 3:53
Show
View Real Time Build Order
Export as new Build Order

LilDicky Terran - Winner!

Build Orders:  

Get SALT Encoding   

  12  0:01  SCV  
  13  0:13  SCV  
  14  0:17  Supply Depot  
  14  0:25  SCV  
  15  0:29  Refinery  
  15  0:41  SCV  
  16  0:46  Barracks  
  16  0:53  SCV  
  17  1:06  SCV  
  18  1:18  SCV  
  19  1:34  Factory  
  19  1:35  Marine  
  19  1:37  Supply Depot  
  19  1:38  Orbital Command  
  20  1:53  Marine  
  21  2:03  Barracks  
  21  2:04  SCV  
  22  2:09  Barracks  
  22  2:13  Barracks Reactor  
  22  2:17  Refinery  
  22  2:22  SCV  
  23  2:29  Widow Mine  
  25  2:42  SCV  
  26  2:51  Barracks Tech Lab  
  25  2:54  SCV  
  25  2:55  Marine  
  25  2:56  Marine  
  28  2:58  Barracks Tech Lab  
  28  3:06  SCV  
  28  3:09  Widow Mine  
  31  3:21  Engineering Bay  
  31  3:24  Supply Depot, Marine  
  31  3:25  Marine  
  31  3:26  Marine  
  34  3:35  Marine  
Show
View Real Time Build Order
Export as new Build Order

RageWind Protoss 

Build Orders: Oracle Opening 

Get SALT Encoding   

  12  0:01  Probe (Chrono Boost)  
  13  0:16  Probe (Chrono Boost)  
  13  0:20  Pylon  
  14  0:27  Probe (Chrono Boost)  
  15  0:38  Gateway, Probe (Chrono Boost)  
  16  0:49  Probe (Chrono Boost)  
  17  0:53  Assimilator  
  17  1:00  Probe (Chrono Boost), Assimilator  
  18  1:10  Probe (Chrono Boost)  
  19  1:21  Probe (Chrono Boost)  
  20  1:26  Cybernetics Core  
  20  1:29  Pylon  
  20  1:31  Probe (Chrono Boost)  
  21  1:42  Probe (Chrono Boost)  
  22  1:52  Probe (Chrono Boost)  
  23  2:03  Probe (Chrono Boost)  
  23  2:05  Stargate  
  23  2:08  Gateway  
  24  2:13  Stalker (Chrono Boost)  
  26  2:22  Pylon  
  26  2:30  Gateway  
  26  2:40  Gateway  
  26  2:48  Oracle (Chrono Boost)  
  29  3:00  Pylon  
  28  3:18  Mothership Core  
Tags
 
Add a new tag
Caveats
  • Supply blocks, unpowered buildings, or Contaminate may cause inaccurate times.
  • Supply counts are checked every 10 seconds.